AoeStats
← Capuas

Hideout

509440262Analyzed
1v1 RM · 6d ago on Sep 26, 2026· 28m 42s· 2 players
Game mode
Random Map
Map size
Tiny (2 player)
Population
200
Speed
Normal
Resources
Standard
Victory
Conquest
Starting age
Dark Age
Ending age
Imperial Age
RankedLock teamsTeams togetherTeam positionsShared explorationLock speedFull tech treeHidden civsTurbo modeCheats
Victory
Defeat
🇺🇸 Romans · United States
1055
+16
🇳🇿 Khmer · New Zealand
1051
-16
Capuas
9:19 Feudal Age
14:30 Castle Age
12:28 Horse Collar
14:28 Double-Bit Axe
15:35 Heavy Plow
17:54 Stone Mining
19:09 Loom
26:44 Husbandry
MadSociety
10:15 Feudal Age
10:56 Double-Bit Axe
10:43 Man-at-Arms
12:12 Scale Mail Armor
12:00 Horse Collar
13:09 Forging
14:53 Wheelbarrow
19:42 Castle Age
18:13 Gold Mining
18:53 Loom
19:40 Scale Barding Armor
19:37 Stone Mining
20:52 Bow Saw
20:12 Long Swordsman
21:10 Chain Mail Armor
22:52 Iron Casting
23:25 Light Cavalry
Connection lost

Rejoining the realm…

Still unreachable

The connection could not be restored.

Session expired

The server has moved on; the page needs a fresh start.